 Dungeon Crawl Stone Soup version 0.23.2-1-ga50397a6bc (webtiles) character file.

Game seed: 898060700689169415

186 Kinoniko the Poker (level 5, -6/41 HPs)
             Began as a Merfolk Gladiator on May 3, 2019.
             Killed by divine providence
             ... invoked by an orc priest
              (9 damage)
             ... on level 3 of the Dungeon.
             The game lasted 00:10:11 (2595 turns).

Kinoniko the Poker (Merfolk Gladiator)              Turns: 2595, Time: 00:10:12

Health: -6/41      AC:  7    Str: 16    XL:     5   Next: 65%
Magic:  0/5        EV: 13    Int:  7    God:
Gold:   46         SH:  0    Dex: 15    Spells: 4/4 levels left

rFire    . . .     SeeInvis .   a - +1 trident
rCold    . . .     Gourm    .   (no shield)
rNeg     + . .     Faith    .   p - +0 ring mail
rPois    .         Spirit   +   c - +0 helmet
rElec    .         Reflect  .   h - +0 cloak
rCorr    .         Harm     .   (no gloves)
MR       .....                  (no boots)
Stlth    ++........             t - amulet of guardian spirit
HPRegen  0.13/turn              r - ring of stealth
MPRegen  0.09/turn              s - ring of positive energy

@: very slightly contaminated
A: change form in water, swift swim, stealthy swim
a: no special abilities


You were on level 3 of the Dungeon.
You were not hungry.

You visited 1 branch of the dungeon, and saw 3 of its levels.

You collected 46 gold pieces.

Inventory:

Hand Weapons
 a - a +1 trident (weapon)
Missiles
 d - 4 throwing nets (quivered)
Armour
 b - a +0 leather armour
 c - a +0 helmet (worn)
 h - a +0 cloak (worn)
 p - a +0 ring mail (worn)
Jewellery
 g - a -5 ring of evasion
 k - an uncursed ring of attention
 r - a ring of stealth (left hand)
 s - a ring of positive energy (right hand)
 t - an amulet of guardian spirit (around neck)
Scrolls
 e - a scroll of amnesia {unknown}
 v - a scroll of random uselessness {unknown}
Potions
 i - 3 potions of curing
 j - a potion of lignification {unknown}
 l - a potion of mutation {unknown}
 m - 3 potions of might {unknown}
 o - 2 potions of flight {unknown}
 q - a potion of brilliance {unknown}
Comestibles
 f - 3 rations
 u - 2 chunks of flesh


   Skills:
 * Level 3.0 Fighting
 * Level 6.9 Polearms
 - Level 2.1 Throwing
 * Level 1.3 Armour
 * Level 5.0 Dodging


You had 4 spell levels left.
You didn't know any spells.
Your spell library was empty.

Dungeon Overview and Level Annotations

Branches:
Dungeon (3/15)

Altars:
Gozag


Message History

Beogh smites you!
* * * LOW HITPOINT WARNING * * *
The orc hits you.
* * * LOW HITPOINT WARNING * * *
You hit the orc but do no damage. The orc barely misses you.
You closely miss the orc. The orc hits you but does no damage.
You hit the orc.
The orc is heavily wounded.
The orc barely misses you.
You hit the orc but do no damage.
The orc is heavily wounded.
The orc closely misses you.
You barely miss the orc.
The orc is heavily wounded.
The orc misses you.
You hit the orc.
You kill the orc!
The orc priest calls down the wrath of Beogh upon you.
Beogh smites you!
You die...

.##.........#.##...#.#####.#.
.'.........'...........รท....
#..o......#.##...#.#######.
#.......##.##..##.# ##
#o....# #........# ##...##
####.##### #....# #.#
#.#..#######.# #.#...o(@(..(#
#.#..######### #....# #.....
......## .####.## . ###


You could see an orc priest.

Vanquished Creatures
  An orc priest (D:3)
  Terence (D:3)
  An orc wizard (D:3)
  4 adders
  3 worms
  A dart slug (D:1)
  3 leopard geckos
  3 orcs (D:3)
  7 bats
  A giant cockroach (D:2)
  11 goblins
  6 hobgoblins
  4 jackals (D:1)
  2 frilled lizards (D:1)
  6 kobolds
  5 rats
59 creatures vanquished.

Notes
Turn   | Place    | Note
-------+----------+-------------------------------------------
     0 | D:1      | Kinoniko the Merfolk Gladiator began the quest for the Orb.
     0 | D:1      | Reached XP level 1. HP: 16/16 MP: 1/1
   218 | D:1      | Reached XP level 2. HP: 22/22 MP: 2/2
   400 | D:1      | Reached skill level 5 in Polearms
   714 | D:2      | Reached XP level 3. HP: 28/28 MP: 3/3
   977 | D:2      | Reached XP level 4. HP: 27/34 MP: 4/4
  1940 | D:3      | Noticed Terence
  1949 | D:3      | Killed Terence
  1949 | D:3      | Reached skill level 6 in Polearms
  1949 | D:3      | Reached skill level 1 in Armour
  2049 | D:3      | Found an opulent altar of Gozag.
  2166 | D:3      | Reached XP level 5. HP: 40/40 MP: 5/5
  2580 | D:3      | Reached skill level 5 in Dodging
  2589 | D:3      | HP: 2/41 [orc (1)]
  2595 | D:3      | Killed from afar by an orc priest

Skill      XL: |  1  2  3  4  5 |
---------------+----------------+-----
Polearms       | 5 6 |  6.9
Armour         | 1 |  1.3
Dodging        | 5 |  5.0
Fighting       | 3 |  3.0
Throwing       | |  2.1

Action                   |  1- 3 |  4- 6 || total
-------------------------+-------+-------++-------
Melee: Trident           |   113 |   122 ||   235
  Use: Scroll            |     1 |     5 ||     6
       Potion            |     1 |     1 ||     2
 Stab: Sleeping          |     4 |     4 ||     8
  Eat: Chunk             |       |     4 ||     4
       Ration            |       |     1 ||     1
Armor: Leather armour    |    24 |     4 ||    28
       Ring mail         |       |    18 ||    18
Dodge: Dodged            |    79 |    53 ||   132
